 Dungeon Crawl Stone Soup version 0.29.0-5-ge4962eb29e (webtiles) character file.

Game seed: 1009591503208018391

1327 ExZ the Trooper (level 8, -8/69 HPs)
             Began as a Palentonga Artificer on Aug 29, 2022.
             Was a Follower of the Shining One.
             Mangled by an ogre
             ... wielding a +0 giant spiked club
              (22 damage)
             ... on level 6 of the Dungeon.
             The game lasted 00:10:49 (7740 turns).

ExZ the Trooper (Palentonga Artificer)              Turns: 7740, Time: 00:10:49

Health: -8/69      AC: 14    Str: 26    XL:     8   Next: 34%
Magic:  8/8        EV:  8    Int: 12    God:    the Shining One [*.....]
Gold:   325        SH:  0    Dex: 10    Spells: 7/7 levels left

rFire   . . .      SeeInvis +   s - +2 dagger (venom)
rCold   . . .      Faith    .   (no shield)
rNeg    + . .      Spirit   .   o - +0 scale mail
rPois   .          Reflect  .   (no helmet)
rElec   .          Harm     .   (no cloak)
rCorr   .          Rampage  .   (no gloves)
Will    .....                   (no barding)
Stlth   ..........              (no amulet)
HPRegen 0.21/turn               v - ring of positive energy
MPRegen 0.11/turn               A - +6 ring of strength

@: glowing, curled up
A: large, rugged brown scales 3, see invisible, deformed body, roll 1, armoured
tail, reflexive curl
a: Rolling Charge, Renounce Religion, Divine Shield


You were on level 6 of the Dungeon.
You worshipped the Shining One.
The Shining One was aware of your devotion.
You visited 2 branches of the dungeon, and saw 7 of its levels.

You collected 325 gold pieces.

Inventory:

Hand Weapons
 j - a +0 hand axe
 s - a +2 dagger of venom (weapon)
Armour
 o - a +0 scale mail (worn)
Jewellery
 v - a ring of positive energy (left hand)
 A - a +6 ring of strength (right hand)
 F - a ring of protection from fire
Wands
 c - a wand of flame (10) (quivered)
 d - a wand of charming (15)
 e - a wand of iceblast (2)
 q - a wand of roots (5)
 D - a wand of digging (1)
Scrolls
 f - 11 scrolls of identify {unknown}
 h - a scroll of immolation {unknown}
 i - 2 scrolls of poison {unknown}
 k - a scroll of brand weapon {unknown}
 n - 4 scrolls of blinking
 r - a scroll of fog {unknown}
 t - a scroll of acquirement {unknown}
 w - 2 scrolls of fear {unknown}
 y - a scroll of silence {unknown}
 z - 3 scrolls of teleportation
 C - a scroll of amnesia {unknown}
Potions
 a - 2 potions of degeneration
 b - a potion of heal wounds
 g - a potion of brilliance {unknown}
 l - a potion of might {unknown}
 m - a potion of flight {unknown}
 p - a potion of curing
 u - a potion of haste {unknown}
 x - a potion of attraction {unknown}
 E - a potion of berserk rage {unknown}
 G - a potion of mutation {unknown}


   Skills:
 + Level 6.3 Fighting
 - Level 2.7 Axes
 - Level 5.0 Armour
 + Level 2.0 Dodging
 - Level 0.5 Stealth
 + Level 4.4 Evocations


You had 7 spell levels left.
You didn't know any spells.
Your spell library was empty.

Dungeon Overview and Level Annotations

Branches:
Dungeon (6/15)             Temple (1/1) D:5

Altars:
Ashenzari
Fedhas
Gozag
Kikubaaqudgha
Nemelex Xobeh
Okawaru
Qazlal
Ru
Trog
Wu Jian
Xom
Yredelemnul
The Shining One

Shops:
D:1 (

Annotations:
D:5 2 runed translucent doors, paps's ghost, weakling OpDe


Innate Abilities, Weirdness & Mutations

You are completely covered in rugged brown scales. (AC +3, +7% HP)
You have supernaturally acute eyesight. (SInv)
Armour fits poorly on your strangely shaped body.
You can roll at nearby foes to attack.
You have a long armoured tail.
You curl defensively after being hit. (AC +7*)


Message History

You are too injured to fight recklessly!
You are too injured to fight recklessly!
You are too injured to fight recklessly!
You are too injured to fight recklessly!
You hit the scorpion but do no damage.
The scorpion looks even sicker.
The scorpion is lightly wounded.
The scorpion stings you but does no damage.
You barely miss the scorpion.
You tail-slap the scorpion, but do no damage.
The scorpion is moderately wounded.
The scorpion stings you but does no damage.
The ogre shouts!
You hit the scorpion but do no damage.
The scorpion looks as sick as possible!
You tail-slap the scorpion.
The scorpion is severely wounded.
The scorpion barely misses you.
You hit the scorpion but do no damage.
The scorpion looks as sick as possible!
The scorpion is almost dead.
You kill the scorpion!
Your Dodging skill increases to level 2!
Aiming: Throw Flame
Press: ? - help, Shift-Dir - straight line, f - ogre
Aim: an ogre, wielding a +0 giant spiked club (88% to hit)
The puff of flame hits the ogre!
The ogre is moderately wounded.
An ogre is nearby!
You hit the ogre.
The ogre is moderately wounded.
The ogre barely misses you.
Unknown command.
You hit the ogre.
The ogre is poisoned.
You tail-slap the ogre.
The ogre is heavily wounded.
You hit the ogre.
The ogre looks as sick as possible!
The ogre is severely wounded.
The ogre hits you with a +0 giant spiked club!!
* * * LOW HITPOINT WARNING * * *
Unknown command.
The ogre attacks as you move away!
The ogre hits you with a +0 giant spiked club!!
You die...

#.#######.##
#.# #.## #.#
#.## #.#
#.## #.#
#.## #.#
#.##
#######.#
#.##
#.......#
#.#
#@#######
#O# ####.#
#....#
#.#### #.#
#.# #.# #.#


You could see an ogre (extremely poisoned).

Vanquished Creatures
  2 water moccasins
  2 ogres
  A kobold brigand (D:4)
  4 scorpions
  A necrophage (D:6)
  A howler monkey (D:6)
  3 hounds
  A jelly (D:5)
  An orc priest (D:4)
  Jessica (D:2)
  3 iguanas
  3 orc wizards
  A gnoll (D:6)
  8 adders
  2 shadow imps (D:5)
  A white imp (D:6)
  2 worms (D:2)
  A dart slug (D:4)
  19 orcs
  3 bats
  4 endoplasms
  3 giant cockroaches (D:4)
  5 goblins
  5 hobgoblins
  7 jackals
  4 quokkas
  11 ball pythons
  2 frilled lizards
  4 kobolds
  2 rats
107 creatures vanquished.

Notes
Turn   | Place    | Note
-------+----------+-------------------------------------------
     0 | D:1      | ExZ the Palentonga Artificer began the quest for the Orb.
     0 | D:1      | Reached XP level 1. HP: 16/16 MP: 1/1
   321 | D:1      | Found Finuts's Weapon Boutique.
   343 | D:1      | Reached XP level 2. HP: 16/22 MP: 2/2
  1107 | D:1      | Reached skill level 2 in Fighting
  1419 | D:2      | Noticed Jessica
  1442 | D:2      | Killed Jessica
  1443 | D:2      | Reached XP level 3. HP: 29/29 MP: 3/3
  1684 | D:2      | Reached XP level 4. HP: 9/36 MP: 4/4
  2908 | D:3      | Reached skill level 3 in Fighting
  2937 | D:3      | Found a broken altar of Ashenzari.
  3109 | D:3      | You fall into a shaft and drop 2 floors!
  3109 | D:5      | Entered Level 5 of the Dungeon
  3110 | D:5      | Found a bloodstained altar of Trog.
  3910 | D:4      | Reached XP level 5. HP: 40/43 MP: 5/5
  4033 | D:4      | Reached skill level 4 in Fighting
  4248 | D:4      | Reached XP level 6. HP: 38/51 MP: 6/6
  4839 | D:5      | Found a staircase to the Ecumenical Temple.
  4849 | D:5      | Reached skill level 5 in Fighting
  4852 | Temple   | Entered the Ecumenical Temple
  4945 | Temple   | Became a worshipper of the Shining One
  5012 | D:5      | Gained mutation: You curl defensively after being hit. (AC
                  | +7*) [Palentonga growth]
  5012 | D:5      | Reached XP level 7. HP: 18/59 MP: 7/7
  5013 | D:5      | Reached skill level 5 in Armour
  5550 | D:5      | Found a sacrificial altar of Ru.
  5595 | D:5      | Found a large runed translucent door.
  5595 | D:5      | Found a large runed translucent door.
  5893 | D:5      | Reached skill level 1 in Axes
  6395 | D:5      | Noticed paps's ghost (weakling OpDe)
  6575 | D:6      | Found an ancient bone altar of Kikubaaqudgha.
  6649 | D:6      | Found an ornate altar of the Wu Jian Council.
  7068 | D:6      | Reached * piety under the Shining One
  7237 | D:6      | Reached XP level 8. HP: 56/68 MP: 8/8
  7319 | D:6      | Reached skill level 1 in Dodging
  7333 | D:6      | Reached skill level 6 in Fighting
  7740 | D:6      | Mangled by an ogre

Illustrated notes

Levels and vault maps discovered:
D:1:      dpeg_arrival_refuge, layout_basic, serial_shops, shop
D:2:      layout_loops_ring, uniq_jessica
D:3:      layout_loops_ring, mainiacjoe_overflow_alcove_2
D:4:      layout_loops_ring, chequers_hall_statues_y, minmay_cut_off
D:5:      layout_gridville, nicolae_ru_the_path_less_chosen,
          general_overflow_altar, minmay_temple_entry_nine_rooms,
          ebering_ghost_disaster_area, corexii_item_surrounded_by_moat,
          kennysheep_pointless_box, minmay_misc_feat_enclosed, st_stairs_6,
          grunt_ministairs_6
D:6:      layout_loops_ring, nicolae_kikubaaqudgha_miasma_corner,
          mainiacjoe_overflow_six_doors_small, overflow_temple_1_default,
          serial_shops, nicolae_shop_waterfront
Temple:   nicolae_temple_god_jail

Skill      XL: |  1  2  3  4  5  6  7  8 |
---------------+-------------------------+-----
Armour         | 2 3 4 5 |  5.0
Fighting       | 2 3 4 5 6 |  6.3
Axes           | 2 |  2.7
Evocations     | 3 4 |  4.4
Dodging        | 2 |  2.0
Stealth        | |  0.5

Action                   |  1- 3 |  4- 6 |  7- 9 || total
-------------------------+-------+-------+-------++-------
Melee: Club              |    69 |       |       ||    69
       Tailslap          |    12 |    14 |    28 ||    54
       Dagger            |    21 |   145 |   153 ||   319
       Hand axe          |    14 |     4 |       ||    18
       Punch             |     1 |     1 |     5 ||     7
Evoke: Wand              |     3 |     2 |     4 ||     9
  Use: Potion            |     2 |       |     8 ||    10
       Scroll            |       |       |     3 ||     3
Armor: Leather armour    |    33 |       |       ||    33
       Scale mail        |    16 |    92 |    51 ||   159
       Skin              |       |       |    18 ||    18
Dodge: Dodged            |    38 |    73 |    60 ||   171
